[Event "*** MasterClass Titled Tuesday Blitz"]
[Site "Chess.com"]
[Date "2017.09.05"]
[Round "2"]
[White "Boryboy"]
[Black "Witik"]
[Result "0-1"]
[WhiteElo "2334"]
[BlackElo "2512"]
[TimeControl "180+2"]
[EndTime "13:21:08 PDT"]
[Termination "Witik won by resignation"]

1. e4 c6 2. d4 d5 3. exd5 cxd5 4. c3 Nc6 5. Bf4 Nf6 6. Nf3 Bg4 7. Nbd2 e6 8. Qb3 Bd6 9. Qxb7 O-O 10. Qxc6 Bxf4 11. Bd3 Qb8 12. Rb1 Rc8 13. Qa4 e5 14. dxe5 Bxd2+ 15. Kxd2 Bxf3 16. exf6 Be4 17. Bxe4 Qf4+ 18. Ke2 Re8 19. f3 dxe4 20. Kf1 Rad8 21. Re1 Re6 22.
fxg7 Rd2 23. Kg1 Qg5 24. g3 Qc5+ 0-1

[Event "*** MasterClass Titled Tuesday Blitz"]
[Site "Chess.com"]
[Date "2017.09.05"]
[Round "2"]
[White "r31415"]
[Black "the_drake"]
[Result "1-0"]
[WhiteElo "2157"]
[BlackElo "2180"]
[TimeControl "180+2"]
[EndTime "13:21:08 PDT"]
[Termination "r31415 won by checkmate"]

1. e4 e5 2. Nf3 Nc6 3. d4 exd4 4. Nxd4 Nf6 5. Nxc6 bxc6 6. Qe2 Qe7 7. Nc3 g6 8. Bg5 h6 9. Bh4 g5 10. Bg3 Bg7 11.
Bxc7 O-O 12. e5 Ne8 13. Ba5 Qxe5 14. Qxe5 Bxe5 15. O-O-O d5 16. Bd3 Nf6 17. f3 Bd6 18. Ne2 Rb8 19. Bc3 Nd7 20. Nd4 Bb7 21. Nf5 Bf4+ 22. Kb1 h5 23. Nh6# 1-0

[Event "*** MasterClass Titled Tuesday Blitz"]
[Site "Chess.com"]
[Date "2017.09.05"]
[Round "2"]
[White "VladDobrov"]
[Black "danyuffa"]
[Result "0-1"]
[WhiteElo "2633"]
[BlackElo "2569"]
[TimeControl "180+2"]
[EndTime "13:21:15 PDT"]
[Termination "danyuffa won by resignation"]

1. d4 Nf6 2. c4 c5 3. d5 g6 4. Nc3 Bg7 5. e4 O-O 6. Nf3 d6 7. h3 e6 8. Bd3 exd5 9. exd5 Qe7+ 10. Be3 Bh6 11. O-O Bxe3 12. Re1 Bxf2+ 13. Kxf2 Qd8 14.
Qd2 Kg7 15. Re2 Re8 16. Rxe8 Nxe8 17. Ne4 Nd7 18. Qc3+ f6 19. Re1 Ne5 20. Bc2 Bf5 21. Ba4 Bxe4 22. Rxe4 Kg8 23. g4 Ng7 24. Nxe5 fxe5 25.
Kg3 Qf6 26. Qf3 Qg5 27. b4 Rf8 28. Qe2 Nf5+ 29. Kg2 Nd4 30. Qe3 Qf6 31. Kg3 Qf1 32. Kh4 Rf3 0-1

[Event "*** MasterClass Titled Tuesday Blitz"]
[Site "Chess.com"]
[Date "2017.09.05"]
[Round "2"]
[White "Scott-fox21"]
[Black "chesstatour"]
[Result "0-1"]
[WhiteElo "2170"]
[BlackElo "2066"]
[TimeControl "180+2"]
[EndTime "13:21:19 PDT"]
[Termination "chesstatour won by resignation"]

1. d4 f5 2. e4 fxe4 3. Nc3 Nf6 4.
Bg5 Nc6 5. d5 Ne5 6. Bxf6 exf6 7. Nxe4 d6 8. Qh5+ g6 9. Qe2 Kf7 10. f4 Bg4 11. Qf2 Nd7 12. h3 Qe7 13. Qe3 Bf5 14. Bd3 Re8 15. O-O-O Bxe4 16. Qxa7 Bxd3 17. Rxd3 Nc5 18. Rd1 Bh6 19. Qa3 Ra8 20. Qf3 Rxa2 21.
Kb1 Rha8 22. c3 Ra1+ 23. Kc2 Rxd1 24. Kxd1 Qe4 25. Qxe4 Nxe4 26. Kc2 Bxf4 27. Ne2 Be5 28. Rf1 Ng3 29. Rf3 Nxe2 0-1

[Event "*** MasterClass Titled Tuesday Blitz"]
[Site "Chess.com"]
[Date "2017.09.05"]
[Round "2"]
[White "fastestmindalive"]
[Black "Saitama_Hero"]
[Result "1-0"]
[WhiteElo "2616"]
[BlackElo "2308"]
[TimeControl "180+2"]
[EndTime "13:21:25 PDT"]
[Termination "fastestmindalive won on time"]

1. e4 d6 2. d4 g6 3. Nc3 Bg7 4. h3 Nf6 5. Be3 O-O 6. Nf3 c6 7. a4 Nbd7 8. Nd2 e5 9. dxe5 Nxe5 10. f4 Ned7 11. Qf3 Re8 12. O-O-O Qe7 13. Bf2 Nc5 14. Bxc5 dxc5 15. e5 Nd5 16. Nxd5 cxd5 17. Qxd5 Be6 18.
Qf3 Red8 19. Be2 Rd4 20. b3 Rad8 21. Nc4 Bh6 22. Rxd4 Rxd4 23. g3 Bd5 24. Qf1 Bxh1 25. Qxh1 f6 26. Kb1 fxe5 27. Nxe5 Bg7 28. Bc4+ Kf8 29.
Qf3 Bxe5 30. fxe5+ Kg7 31. e6 a6 32. a5 Qc7 33. h4 Kh6 34. Qe3+ 1-0

[Event "*** MasterClass Titled Tuesday Blitz"]
[Site "Chess.com"]
[Date "2017.09.05"]
[Round "2"]
[White "dhanushbharadwaj"]
[Black "Rokis13"]
[Result "1-0"]
[WhiteElo "2436"]
[BlackElo "2344"]
[TimeControl "180+2"]
[EndTime "13:21:27 PDT"]
[Termination "dhanushbharadwaj won by resignation"]

1. Nf3 Nf6 2. c4 e6 3. g3 d5 4. b3 Be7 5. Bg2 O-O 6. O-O c5 7. d3 Nc6 8. e3 d4 9. exd4 Nxd4 10. Bb2 Nc6 11. Na3 Bd7 12. Nc2 Qc7 13. d4 cxd4 14. Ncxd4 Rfd8 15. Nb5 Qb8 16. Qe2 a6 17. Nbd4 Qc7 18.
Rfd1 h6 19. Rac1 Re8 20. Nxc6 Bxc6 21. Ne5 Bxg2 22. Kxg2 Rad8 23. Kg1 Nd7 24. Ng4 Bc5 25. Rd3 e5 26. Rcd1 f6 27. Qe4 Nf8 28. Bc1 Bd4 29.
Be3 Ne6 30. Qg6 Qf7 31. Nxh6+ 1-0

[Event "*** MasterClass Titled Tuesday Blitz"]
[Site "Chess.com"]
[Date "2017.09.05"]
[Round "2"]
[White "Darkbluelord"]
[Black "tomsishere"]
[Result "1/2-1/2"]
[WhiteElo "2131"]
[BlackElo "2235"]
[TimeControl "180+2"]
[EndTime "13:21:41 PDT"]
[Termination "Game drawn by repetition"]

1. e4 c5 2. Nc3 a6 3. a4 Nc6 4. f4 e6 5. Nf3 Nge7 6. g3 d5 7. e5 h5 8. Bg2 Nf5 9. O-O Be7 10.
d3 Bd7 11. Ne2 b5 12. c3 Qb6 13. axb5 Qxb5 14. d4 cxd4 15. Nfxd4 Qb6 16. Kh1 Ncxd4 17. Nxd4 Nxd4 18. cxd4 Bb5 19. Rf2 Rc8 20. Be3 g6 21. Rc1 O-O 22. Rxc8 Rxc8 23. g4 hxg4 24. Qxg4 Bd3 25.
Qg3 Qb3 26. Bf3 Bf5 27. Be2 Be4+ 28. Kg1 Bh4 29. Qxh4 Qxe3 30. Bf1 Qxd4 31. Qg5 Rc2 32. Qd8+ Kh7 33. Qh4+ Kg7 34. Qf6+ Kg8 35. Qd8+ Kh7 36. Qh4+ Kg7 37. Qf6+ Kf8 38. Qd8+ Kg7 39. Qf6+ Kh7 40. Qh4+ 1/2-1/2

[Event "*** MasterClass Titled Tuesday Blitz"]
[Site "Chess.com"]
[Date "2017.09.05"]
[Round "2"]
[White "krzyzan94"]
[Black "sergiochess83"]
[Result "0-1"]
[WhiteElo "2513"]
[BlackElo "2755"]
[TimeControl "180+2"]
[EndTime "13:21:45 PDT"]
[Termination "sergiochess83 won by resignation"]

1. e4 c6 2. d4 d5 3. exd5 cxd5 4. Bd3 Nc6 5. c3 Qc7 6. Ne2 Bg4 7. O-O e6 8. Qe1 Bd6 9. f3 Bh5 10. Qh4 Bg6 11.
Bxg6 fxg6 12. Bf4 Nf6 13. Na3 a6 14. Nc2 O-O 15. Rae1 e5 16. dxe5 Nxe5 17. Bxe5 Bxe5 18. Ned4 Rae8 19. Kh1 Qb6 20. Nb4 g5 21. Qxg5 Bxd4 22. Nxd5 Qd6 23. Nxf6+ Bxf6 24. Qg4 Qd5 25. a3 Qd2 26. Qc4+ Kh8 27. Rxe8 Rxe8 28. h4 Qxb2 29. Qf7 Rg8 30. Re1 h6 31. Re8 Qb1+ 32. Kh2 Rxe8 33. Qxe8+ Kh7 34. c4 Bxh4 35. Qe6 Bf6 36. g3 Qd3 37.
Kh3 Qxf3 0-1

[Event "*** MasterClass Titled Tuesday Blitz"]
[Site "Chess.com"]
[Date "2017.09.05"]
[Round "2"]
[White "SCIM"]
[Black "Peroncio"]
[Result "1-0"]
[WhiteElo "2419"]
[BlackElo "2416"]
[TimeControl "180+2"]
[EndTime "13:21:53 PDT"]
[Termination "SCIM won by checkmate"]

1. d4 Nf6 2. c4 e6 3. Nc3 Bb4 4. Qc2 b6 5. e4 c5 6. d5 exd5 7.
exd5 O-O 8. Be2 Qe7 9. Nf3 d6 10. O-O Bxc3 11. bxc3 Bf5 12. Qxf5 Qxe2 13. Bf4 Qxc4 14.
Bxd6 Rd8 15. Be7 Qxd5 16. Qc2 Re8 17. Bxf6 gxf6 18. Rad1 Qc6 19. Qf5 Qe6 20. Qh5 Nc6 21. Nh4 Ne5 22. Nf5 Ng6 23. Rd6 Qe4 24. f3 Qf4 25. Rxf6 Kh8 26. Rxf7 Re7 27. Qxh7# 1-0

[Event "*** MasterClass Titled Tuesday Blitz"]
[Site "Chess.com"]
[Date "2017.09.05"]
[Round "2"]
[White "pKiLz5Rn9b"]
[Black "johnathan113"]
[Result "0-1"]
[WhiteElo "2605"]
[BlackElo "2488"]
[TimeControl "180+2"]
[EndTime "13:21:59 PDT"]
[Termination "johnathan113 won by checkmate"]

1. d4 Nf6 2. Nf3 g6 3. Nbd2 Bg7 4. e4 O-O 5. Be2 d6 6. O-O c5 7. dxc5 dxc5 8. c3 Nc6 9. Qc2 b6 10. Rd1 Qc7 11. Nc4 Bb7 12. g3 Rad8 13. Bf4 Qc8 14. a4 e5 15. Bg5 Qe6 16. Ne3 Ne7 17. Bxf6 Bxf6 18. Bc4 Qc8 19. Kg2 h6 20. h4 Bg7 21.
h5 Kh7 22. hxg6+ fxg6 23. Rh1 Bf6 24. Rh3 Kg7 25. Rhh1 Qc6 26. Nd5 Nxd5 27. exd5 Rxd5 28. Kh2 Rd2 29. Qxd2 Qxf3 30. Rhg1 Qh5# 0-1

[Event "*** MasterClass Titled Tuesday Blitz"]
[Site "Chess.com"]
[Date "2017.09.05"]
[Round "2"]
[White "Quiet_Desperation"]
[Black "Grootneus"]
[Result "1-0"]
[WhiteElo "2230"]
[BlackElo "2106"]
[TimeControl "180+2"]
[EndTime "13:22:00 PDT"]
[Termination "Quiet_Desperation won by resignation"]

1. e4 g6 2. d4 Bg7 3. Nc3 d6 4. Be3 a6 5. f3 b5 6. Qd2 Nd7 7.
O-O-O Bb7 8. g4 h6 9. Bd3 c5 10. dxc5 dxc5 11. Be2 Ngf6 12. h4 Rc8 13. Nh3 Qa5 14. Kb1 b4 15. Nd5 Nxd5 16. exd5 c4 17. Bd4 c3 18. Qe3 Bxd5 19. b3 Bxd4 20. Rxd4 Bc6 21.
a4 bxa3 22. Ka2 Bb5 23. Re1 e6 24. Bxb5 axb5 25. Red1 Nf6 26. Qe5 Ke7 27. g5 Ne8 28. Rd7+ 1-0

[Event "*** MasterClass Titled Tuesday Blitz"]
[Site "Chess.com"]
[Date "2017.09.05"]
[Round "2"]
[White "Indianlad"]
[Black "BigMak2500"]
[Result "0-1"]
[WhiteElo "2638"]
[BlackElo "2489"]
[TimeControl "180+2"]
[EndTime "13:22:01 PDT"]
[Termination "BigMak2500 won by resignation"]

1. d4 Nf6 2. c4 e6 3. Nf3 b6 4. g3 Bb7 5. Bg2 Be7 6. O-O O-O 7. Bf4 d5 8. Qc1 h6 9. Rd1 Nbd7 10. Ne5 c5 11.
cxd5 exd5 12. Nc3 cxd4 13. Nxd7 Qxd7 14. Rxd4 Bc5 15. Rd3 Rad8 16. Qd1 Ba6 17. Rd2 Qe7 18. Qa4 d4 19. Qxa6 dxc3 20. Rxd8 Rxd8 21. bxc3 Ng4 22. Qb7 Qxe2 23. Qf3 Qxf2+ 24. Qxf2 Nxf2 25. Kf1 Kf8 26. a4 Rd3 27. a5 Rxc3 28. axb6 Bxb6 29. Re1 Ng4 30.
Bd6+ Kg8 31. Re8+ Kh7 32. Be4+ g6 33. Re7 Kg7 34. Bd5 Ne3+ 35. Ke2 Nxd5 36. Be5+ Kf8 37. Rd7 Re3+ 0-1

[Event "*** MasterClass Titled Tuesday Blitz"]
[Site "Chess.com"]
[Date "2017.09.05"]
[Round "2"]
[White "maciek_92"]
[Black "Godzillator"]
[Result "1-0"]
[WhiteElo "2519"]
[BlackElo "2298"]
[TimeControl "180+2"]
[EndTime "13:22:04 PDT"]
[Termination "maciek_92 won by checkmate"]

1. c4 c6 2. Nf3 d5 3. d4 Nf6 4. Nc3 a6 5. Bg5 Ne4 6. Bf4 Nxc3 7. bxc3 dxc4 8. e4 b5 9. Qc2 Bb7 10. g3 Nd7 11. Bg2 e6 12. O-O Be7 13. Rfe1 O-O 14. Rad1 Nb6 15. h4 Qc8 16. Bh3 Rd8 17. h5 Bd6 18. Bg5 Rf8 19. h6 g6 20. Qd2 Qc7 21. Bf6 Nd7 22. Qg5 Rfe8 23. Bg7 Be7 24.
Qe3 Rad8 25. Nh2 c5 26. d5 exd5 27. exd5 Qb8 28. Bxd7 Rxd7 29. d6 Rxd6 30. Be5 Bc6 31. Bxd6 Bxd6 32. Qg5 Rxe1+ 33. Rxe1 Qc8 34. Ng4 f5 35.
Nf6+ Kf7 36. Nh5 Qc7 37. Qf6+ Kg8 38. Qe6+ Kf8 39. Nf6 Bxg3 40. Qg8# 1-0

[Event "*** MasterClass Titled Tuesday Blitz"]
[Site "Chess.com"]
[Date "2017.09.05"]
[Round "2"]
[White "Fy_Rakotomaharo"]
[Black "jcibarra"]
[Result "0-1"]
[WhiteElo "2476"]
[BlackElo "2664"]
[TimeControl "180+2"]
[EndTime "13:22:06 PDT"]
[Termination "jcibarra won by resignation"]

1. d4 Nf6 2. c4 e6 3. Nc3 Bb4 4. e3 b6 5. Nf3 Bb7 6. Bd3 O-O 7. O-O d5 8. cxd5 exd5 9. Ne5 Bd6 10. f4 c5 11. Qf3 Nc6 12. Ne2 Re8 13. Qh3 Ne4 14. Ng3 Nb4 15. Nxe4 dxe4 16. Bc4 Bd5 17. Bb5 Re7 18.
Bd2 cxd4 19. exd4 Nc2 20. Rad1 Nxd4 21. Be3 Bxe5 22. Bxd4 Bxd4+ 23. Rxd4 Qd6 24. Qf5 Rd8 25. Rc1 g6 26. Qg5 Qe6 27. Rc7 f6 28. Rxe7 Qxe7 29. Qg3 Qc5 30. Qc3 Qxb5 31. Qc7 Rd7 0-1

[Event "*** MasterClass Titled Tuesday Blitz"]
[Site "Chess.com"]
[Date "2017.09.05"]
[Round "2"]
[White "AdrianaNikolova"]
[Black "3f32"]
[Result "0-1"]
[WhiteElo "2261"]
[BlackElo "2371"]
[TimeControl "180+2"]
[EndTime "13:22:06 PDT"]
[Termination "3f32 won by resignation"]

1. e4 c5 2. Nf3 d6 3. d4 cxd4 4. Nxd4 Nf6 5. Nc3 a6 6. Bg5 Nbd7 7. Bc4 Qb6 8. Bb3 e6 9. Qd2 Be7 10. O-O-O h6 11. Be3 Nc5 12. f3 Bd7 13. g4 a5 14.
a4 Qb4 15. Kb1 Nxa4 16. Nxa4 Bxa4 17. Qxb4 axb4 18. Bxa4+ Rxa4 19. Nb5 Kd7 20. Nxd6 Bxd6 21. Bc5 Rha8 22. Rxd6+ Kc7 23. Kc1 Ra1+ 24. Kd2 Rxh1 25. Bxb4 Rxh2+ 26. Kc3 Rh3 27. Rd3 b6 28. Bd6+ Kc6 29.
Be5 Ra7 30. Kb4 Rd7 31. Rc3+ Kb7 32. Rb3 Rd2 33. c4 Rf2 34. Ka4 Rhxf3 35. Rb4 Nxe4 36. Bd4 Rd2 37. Bxb6 Kc6 38. Ba7 Nc5+ 39. Ka5 Rxb2 40. Rxb2 Ra3+ 41. Kb4 Rxa7 42. Rf2 Nd3+ 0-1

[Event "*** MasterClass Titled Tuesday Blitz"]
[Site "Chess.com"]
[Date "2017.09.05"]
[Round "2"]
[White "Keranke"]
[Black "Rodalquilar"]
[Result "1-0"]
[WhiteElo "2697"]
[BlackElo "2531"]
[TimeControl "180+2"]
[EndTime "13:22:07 PDT"]
[Termination "Keranke won on time"]

1. d4 Nf6 2. Nf3 d5 3. Bf4 e6 4. e3 c5 5. Nc3 Nc6 6. Nb5 Kd7 7. Ng5 cxd4 8. exd4 Qe7 9. Bd6 Qe8 10. Nc7 Bxd6 11. Nxe8 Kxe8 12. Bd3 h6 13. Nf3 Ke7 14. O-O Bd7 15. Re1 Rhc8 16. c4 dxc4 17. Bxc4 Kf8 18. d5 exd5 19. Bxd5 Bb4 20. Re3 Rd8 21. Bxc6 Bxc6 22. Qb3 Bc5 23. Re2 Bd5 24. Qb5 Rac8 25. Rc2 Ne4 26. Rf1 a6 27. Qe2 Re8 28. Qd1 Rcd8 29.
Qc1 Bb6 30. b3 g5 31. Rd1 Nxf2 32. Rxf2 Re2 33. Nd4 Bxb3 34. axb3 Rxd4 35. Qc8+ Kg7 36. Qc3 1-0

[Event "*** MasterClass Titled Tuesday Blitz"]
[Site "Chess.com"]
[Date "2017.09.05"]
[Round "2"]
[White "iusegine"]
[Black "kleinebeer98"]
[Result "0-1"]
[WhiteElo "2377"]
[BlackElo "2439"]
[TimeControl "180+2"]
[EndTime "13:22:07 PDT"]
[Termination "kleinebeer98 won by checkmate"]

1. Nf3 Nf6 2. c4 c5 3. Nc3 Nc6 4. e3 d5 5. cxd5 Nxd5 6. Bc4 Nb6 7. Bb5 Bd7 8. O-O a6 9. Bxc6 Bxc6 10. Ne5 Qc7 11.
Nxc6 Qxc6 12. b3 g6 13. Bb2 Bg7 14. Rc1 O-O 15. Qe2 Rfd8 16. d3 Nd5 17. Ne4 Bxb2 18.
Qxb2 b6 19. b4 Qb5 20. d4 Qxb4 21. Qxb4 cxb4 22. Rc4 Rac8 23. Rfc1 Nc3 24. Rxc8 Rxc8 25. Kf1 Kg7 26. a3 a5 27. axb4 axb4 28. Nd2 Ra8 29.
Nc4 b5 30. Nd2 Ra2 31. Nb3 Ne4 32. f3 Nc3 33. Nc5 Nd5 34. e4 Ne3+ 35. Kg1 Rxg2+ 36. Kh1 Rd2 37. Rb1 Rxd4 38. Rb3 Rd1# 0-1

[Event "*** MasterClass Titled Tuesday Blitz"]
[Site "Chess.com"]
[Date "2017.09.05"]
[Round "2"]
[White "Iball95"]
[Black "hypert"]
[Result "1-0"]
[WhiteElo "2587"]
[BlackElo "2325"]
[TimeControl "180+2"]
[EndTime "13:22:08 PDT"]
[Termination "Iball95 won by resignation"]

1. d4 Nf6 2. Bf4 g6 3. Nc3 d5 4. e3 Bg7 5. h4 c6 6. Nf3 Bg4 7. Be2 Nbd7 8. Ne5 Bxe2 9. Qxe2 h5 10. e4 Nxe4 11. Nxe4 dxe4 12. Qxe4 Nxe5 13. Bxe5 Qa5+ 14. c3 Bxe5 15. dxe5 Rd8 16. e6 Rd5 17. exf7+ Kxf7 18. O-O Re5 19. Qd4 Rd8 20. Qf4+ Rf5 21. Qh6 Rd2 22. Rae1 Rd7 23. Qh7+ Kf6 24. Re2 Re5 25. Qh8+ Ke6 26. Qg8+ Kf6 27. Qf8+ Ke6 28. Rfe1 Rd5 29. Qc8+ Kf7 30.
Qxb7 Rxe2 31. Rxe2 Rd1+ 32. Kh2 Qc5 33. Qb3+ Kf6 34. Qxd1 1-0

[Event "*** MasterClass Titled Tuesday Blitz"]
[Site "Chess.com"]
[Date "2017.09.05"]
[Round "2"]
[White "nihalsarin"]
[Black "pedromartinez91"]
[Result "1-0"]
[WhiteElo "2650"]
[BlackElo "2322"]
[TimeControl "180+2"]
[EndTime "13:22:10 PDT"]
[Termination "nihalsarin won by resignation"]

1. d4 d5 2. c4 c6 3. Nf3 Nf6 4. e3 g6 5. Nc3 Bg7 6. Bd3 O-O 7. h3 a6 8. O-O Nbd7 9. b3 b6 10. Bb2 Bb7 11. Re1 c5 12. cxd5 Nxd5 13. Nxd5 Bxd5 14.
Qe2 Bxf3 15. Qxf3 cxd4 16. exd4 Nf6 17. Rad1 Nd5 18. h4 e6 19. Be4 Rc8 20. g3 Re8 21.
Kg2 Qd6 22. Re2 Red8 23. h5 Nf6 24. hxg6 hxg6 25. Bb7 Rc7 26. Bxa6 Ra7 27. Bc4 Rxa2 28. d5 Nxd5 29. Bxg7 Rxe2 30. Bf6 Ne3+ 31. Qxe3 Qxd1 32.
Bxe2 Qd5+ 33. Bf3 Qf5 1-0

[Event "*** MasterClass Titled Tuesday Blitz"]
[Site "Chess.com"]
[Date "2017.09.05"]
[Round "2"]
[White "Cruel_Yaro"]
[Black "GianmarcoVaR"]
[Result "1-0"]
[WhiteElo "2632"]
[BlackElo "2434"]
[TimeControl "180+2"]
[EndTime "13:22:11 PDT"]
[Termination "Cruel_Yaro won on time"]

1. a3 g6 2. e4 c5 3. b4 Bg7 4. c3 d6 5. bxc5 dxc5 6. Nf3 Nf6 7. Bb5+ Bd7 8. Bxd7+ Qxd7 9. e5 Nd5 10. O-O O-O 11.
d4 Nc6 12. Qe2 cxd4 13. cxd4 Rac8 14. Be3 Na5 15. Nbd2 Rc2 16. Qd3 Rfc8 17. Ne4 Qa4 18. Nc5 Qc4 19. Rfd1 b6 20. Ne1 Rc3 21. Qxc4 Nxc4 22.
Ne4 Rxa3 23. Rxa3 Nxa3 24. Ra1 Nc4 25. Rxa7 Ncxe3 26. fxe3 Bh6 27. Rd7 e6 28. Nd6 Bxe3+ 29. Kf1 Rc7 30. Rd8+ Kg7 31. Ne8+ Kh6 32. Nxc7 Nxc7 33.
Ke2 Bg5 34. Rd7 Nb5 35. Nf3 f6 36. h4 1-0

[Event "*** MasterClass Titled Tuesday Blitz"]
[Site "Chess.com"]
[Date "2017.09.05"]
[Round "2"]
[White "GM_dmitrij"]
[Black "IamSchrodingersCat"]
[Result "0-1"]
[WhiteElo "2633"]
[BlackElo "2432"]
[TimeControl "180+2"]
[EndTime "13:22:12 PDT"]
[Termination "IamSchrodingersCat won by resignation"]

1. e4 c5 2. Nf3 d6 3. d4 cxd4 4. Nxd4 Nf6 5. Nc3 g6 6. Be3 Bg7 7. f3 O-O 8. Qd2 Nc6 9. Bc4 Bd7 10. O-O-O Rb8 11. Bb3 a5 12. a4 Nxd4 13. Bxd4 b5 14. axb5 Bxb5 15. e5 dxe5 16. Bxe5 Qxd2+ 17. Rxd2 Rb7 18.
Kb1 Ne4 19. Nxe4 Bxe5 20. Rd5 Bg7 21. Nc5 Rbb8 22. Nd7 Bxd7 23. Rxd7 a4 24. Bc4 Rxb2+ 25. Kc1 a3 26. Kd2 Rc8 27. Bd3 Ra8 28. Ra1 Rxc2+ 29.
Kxc2 Bxa1 30. Kb3 a2 31. Be4 Bf6 32. Rd1 a1=Q 33. Rxa1 Rxa1 0-1

[Event "*** MasterClass Titled Tuesday Blitz"]
[Site "Chess.com"]
[Date "2017.09.05"]
[Round "2"]
[White "W_Amadeus"]
[Black "manubibi"]
[Result "1-0"]
[WhiteElo "2384"]
[BlackElo "2423"]
[TimeControl "180+2"]
[EndTime "13:22:16 PDT"]
[Termination "W_Amadeus won by resignation"]

1. d4 Nf6 2. c4 g6 3. Nc3 Bg7 4. e4 d6 5. Nf3 O-O 6. Be2 e5 7. O-O Na6 8. Be3 Ng4 9. Bg5 f6 10. Bd2 exd4 11. Nxd4 f5 12. exf5 Nxf2 13. Rxf2 Bxd4 14.
Ne4 Bxf5 15. Bc3 Bxf2+ 16. Nxf2 Re8 17. c5 dxc5 18. Bc4+ Be6 19. Qb3 Qd7 20. Re1 Bxc4 21.
Qxc4+ Qf7 22. Qf1 Rxe1 23. Qxe1 Re8 24. Qd1 Nb4 25. Ng4 Qf5 26. Nh6+ Kf8 27. Nxf5 gxf5 28.
Qf3 1-0

[Event "*** MasterClass Titled Tuesday Blitz"]
[Site "Chess.com"]
[Date "2017.09.05"]
[Round "2"]
[White "PlotnikovPavel"]
[Black "AbdAlAgathos"]
[Result "0-1"]
[WhiteElo "2465"]
[BlackElo "2355"]
[TimeControl "180+2"]
[EndTime "13:22:18 PDT"]
[Termination "AbdAlAgathos won by resignation"]

1. d4 Nf6 2. Nf3 g6 3. c4 Bg7 4. e3 d5 5. Nc3 O-O 6. cxd5 Nxd5 7.
Bc4 Nb6 8. Bb3 c5 9. dxc5 N6d7 10.
Na4 Na6 11. Qd5 Ndxc5 12. Nxc5 Qxd5 13. Bxd5 Nxc5 14. Ke2 Bf5 15. Bc4 Rad8 16. a4 Nd3 17. Rd1 Nxc1+ 18. Raxc1 Bxb2 19. Rxd8 Rxd8 20. Rd1 Rxd1 21.
Kxd1 Bf6 22. Kd2 Kf8 23. h3 Be4 24. Ne1 e6 25. f3 Bc6 26. Bb3 Ke7 27. Nd3 Kd6 28.
e4 Bd4 29. Nb4 Bd7 30. Kd3 Bc5 31. Nc2 Bc6 32. Kc3 f5 33. exf5 exf5 34. Nd4 Bxd4+ 35. Kxd4 h6 36. Bc2 g5 37. Bxf5 Bxa4 38. Bc8 Bc6 39. Kc4 a5 40. Bg4 b5+ 41. Kd4 a4 42. g3 Bd5 43. f4 gxf4 44. gxf4 b4 45. Bd1 a3 0-1

[Event "*** MasterClass Titled Tuesday Blitz"]
[Site "Chess.com"]
[Date "2017.09.05"]
[Round "2"]
[White "Jahonas"]
[Black "TrickyTrapChess"]
[Result "0-1"]
[WhiteElo "2212"]
[BlackElo "2282"]
[TimeControl "180+2"]
[EndTime "13:22:19 PDT"]
[Termination "TrickyTrapChess won by resignation"]

1. d4 Nf6 2. Nf3 c5 3. dxc5 e6 4.
g3 Bxc5 5. Bg2 O-O 6. O-O Nc6 7.
Nbd2 a6 8. b3 d5 9. Bb2 Re8 10. c4 d4 11. a3 e5 12. b4 Ba7 13.
b5 axb5 14. cxb5 Nb8 15. Nc4 Nbd7 16. Nd6 Rf8 17. Rc1 Qe7 18. Nxc8 Raxc8 19. Qb3 Nc5 20. Qb4 Nd5 21. Qc4 Nb6 22. Qb4 Nba4 23. Nd2 Nxb2 24. Qxb2 Na4 25. Qb3 Nc3 26. Rce1 Rfd8 27. Ne4 Nxe4 28.
Bxe4 Rc3 29. Qb4 Bc5 30. Qb1 g6 31. a4 f5 32. Bc2 e4 33. Bb3+ Kg7 34. a5 e3 35.
fxe3 Rxe3 36. Kh1 Rxe2 37. Rxe2 Qxe2 38. Qd1 Qxb5 39. Re1 Qc6+ 40. Kg1 d3+ 0-1

[Event "*** MasterClass Titled Tuesday Blitz"]
[Site "Chess.com"]
[Date "2017.09.05"]
[Round "2"]
[White "stefanodinn"]
[Black "Blitzking4444"]
[Result "1/2-1/2"]
[WhiteElo "2194"]
[BlackElo "2077"]
[TimeControl "180+2"]
[EndTime "13:22:21 PDT"]
[Termination "Game drawn by repetition"]

1. e4 e6 2. d4 d5 3. Nd2 Be7 4. c3 c5 5. exd5 exd5 6. Ngf3 Nf6 7. Bb5+ Nc6 8. dxc5 Bxc5 9. Qe2+ Be6 10. Nb3 Bb6 11. Nbd4 O-O 12. Nxe6 fxe6 13. Qxe6+ Kh8 14. O-O Ne4 15.
Bxc6 bxc6 16. Qg4 Bxf2+ 17. Rxf2 Qb6 18. Qh4 g5 19. Bxg5 Rf5 20. Bh6 Rg8 21. Bf4 Nxf2 22.
Be5+ Rxe5 23. Qf6+ Rg7 24. Qf8+ Rg8 25. Qf6+ Rg7 26.
Qf8+ Rg8 27. Qf6+ Rg7 1/2-1/2

[Event "*** MasterClass Titled Tuesday Blitz"]
[Site "Chess.com"]
[Date "2017.09.05"]
[Round "2"]
[White "yurisolo"]
[Black "Alexander_Moskalenko"]
[Result "1-0"]
[WhiteElo "2552"]
[BlackElo "2666"]
[TimeControl "180+2"]
[EndTime "13:22:42 PDT"]
[Termination "yurisolo won by resignation"]

1. e4 c5 2. Nf3 d6 3. d4 cxd4 4.
Nxd4 Nf6 5. Nc3 a6 6. Be3 e5 7.
Nb3 Be6 8. Qd2 Nbd7 9. O-O-O Rc8 10. f4 b5 11. Kb1 Qc7 12. Be2 Be7 13. g4 Qb7 14. Bf3 O-O 15. Nd5 Bxd5 16. exd5 Nb6 17.
Na5 Qc7 18. Bxb6 Qxb6 19. g5 Nd7 20. Nc6 Rce8 21. f5 e4 22. Bxe4 Bxg5 23. Qxg5 Rxe4 24.
Rhg1 g6 25. Ne7+ Rxe7 26. Qxe7 Ne5 27. fxg6 hxg6 28. Qf6 a5 29. h4 Qd8 30. Qf4 Kg7 31.
h5 Rh8 32. hxg6 fxg6 33. Rdf1 Qe7 34. a3 Rh4 35. Qf2 b4 36. a4 Rh5 37. b3 Rh4 38. Rg3 Re4 39. Rfg1 Qh4 40. Qg2 Qf6 41.
Qxe4 1-0

[Event "*** MasterClass Titled Tuesday Blitz"]
[Site "Chess.com"]
[Date "2017.09.05"]
[Round "2"]
[White "XDPS"]
[Black "michaelq2d5"]
[Result "0-1"]
[WhiteElo "2554"]
[BlackElo "2640"]
[TimeControl "180+2"]
[EndTime "13:22:48 PDT"]
[Termination "michaelq2d5 won by resignation"]

1. d4 Nf6 2. Bf4 d5 3. e3 c5 4.
dxc5 Qa5+ 5. Nc3 a6 6. Nf3 e6 7.
Bd3 Bxc5 8. O-O Nc6 9. e4 d4 10. Ne2 O-O 11. a3 Qd8 12. e5 Nd5 13. Bg3 f6 14.
exf6 Qxf6 15. Qd2 h6 16. Rad1 Nde7 17. Be4 e5 18. c3 Bf5 19. Bxf5 Nxf5 20. cxd4 exd4 21.
Nf4 Rfe8 22. Qc2 Bd6 23. Nd5 Qf7 24. Nb6 Rad8 25. Nc4 Bxg3 26. hxg3 Qd5 27. Rd3 b5 28. Ncd2 Rc8 29. Qb1 Re2 30. Qd1 Rce8 31. Qc1 g5 32.
Nb3 g4 33. Nh2 Ne5 34. Qd1 Nxd3 35. Qxd3 R8e3 36. Qb1 Rxg3 0-1

[Event "*** MasterClass Titled Tuesday Blitz"]
[Site "Chess.com"]
[Date "2017.09.05"]
[Round "2"]
[White "pandamaster3000"]
[Black "Daniela_Movileanu"]
[Result "1-0"]
[WhiteElo "2053"]
[BlackElo "2000"]
[TimeControl "180+2"]
[EndTime "13:22:55 PDT"]
[Termination "pandamaster3000 won by checkmate"]

1. e4 c5 2. Nf3 d6 3. Bb5+ Nd7 4. d4 cxd4 5. Qxd4 e5 6. Qd3 h6 7. c4 a6 8. Bxd7+ Bxd7 9. Nc3 Rb8 10. O-O b5 11. c5 b4 12. cxd6 bxc3 13. bxc3 Qf6 14. Rd1 g5 15. Qd5 Bg7 16. h3 Qg6 17. Be3 Kf8 18.
Rab1 Re8 19. Rb7 Nf6 20. Qc5 Nxe4 21. Qa7 Nf6 22. Rxd7 Nxd7 23. Qxd7 Bf6 24. c4 h5 25. c5 g4 26. hxg4 hxg4 27. Ne1 Qh5 28. Kf1 Kg7 29.
c6 g3 30. f3 Qh1+ 31. Ke2 Rb8 32. Qg4+ Kf8 33. c7 Rb2+ 34. Bd2 Rc2 35. c8=Q+ Rxc8 36.
Qxc8+ Kg7 37. Qg4+ Kf8 38. d7 Bd8 39. Bb4+ Be7 40.
d8=Q# 1-0